Map: Ulrena

Players

Plutonun

  • Race: Protoss Protoss
  • League: Silver

Japhet - Winner!

  • Race: Terran Terran
  • League: Silver

VOD

Have the link to the VOD?

Description

Time

  • Played on: Nov. 11, 2015, 11:06 a.m.
  • Length: 5:34
Show
View Real Time Build Order
Export as new Build Order

Plutonun Protoss 

Build Orders: Oracle Opening 

Get SALT Encoding   

  12  0:01  Probe (Chrono Boost)  
  13  0:11  Probe (Chrono Boost)  
  14  0:19  Pylon  
  14  0:23  Probe (Chrono Boost)  
  15  0:38  Probe (Chrono Boost)  
  15  0:40  Gateway  
  16  0:48  Probe (Chrono Boost)  
  17  0:51  Assimilator  
  17  0:55  Assimilator  
  17  0:59  Probe (Chrono Boost)  
  18  1:09  Probe (Chrono Boost)  
  19  1:30  Cybernetics Core  
  19  1:32  Probe (Chrono Boost)  
  20  1:53  Probe (Chrono Boost)  
  21  1:58  Pylon  
  21  2:04  Probe (Chrono Boost)  
  22  2:13  Stargate  
  22  2:21  Stalker, Probe (Chrono Boost)  
  25  2:29  Warp Gate  
  25  2:32  Mothership Core (Chrono Boost)  
  27  2:45  Gateway  
  27  2:47  Gateway  
  27  2:54  Stalker  
  28  3:00  Oracle (Chrono Boost)  
  31  3:20  Nexus  
  31  3:23  Probe  
  23  3:35  Probe  
  24  3:48  Probe  
  18  4:00  Probe  
  19  4:12  Probe  
  9  5:07  Probe  
Show
View Real Time Build Order
Export as new Build Order

Japhet Terran - Winner!

Build Orders:  

Get SALT Encoding   

  12  0:01  SCV  
  13  0:13  SCV  
  14  0:21  Supply Depot  
  14  0:25  SCV  
  15  0:42  SCV  
  16  0:48  Refinery, Barracks  
  16  0:56  Supply Depot  
  16  1:01  SCV  
  17  1:13  SCV  
  18  1:25  SCV  
  19  1:38  Orbital Command  
  19  1:42  Marine  
  20  1:51  Factory  
  19  2:07  SCV  
  20  2:12  Barracks  
  20  2:17  Barracks Reactor  
  20  2:19  SCV  
  21  2:28  Engineering Bay  
  21  2:30  Refinery  
  21  2:31  SCV  
  21  2:34  Widow Mine  
  24  2:46  SCV  
  25  2:55  Marine x2  
  27  3:03  Widow Mine  
  29  3:06  Starport  
  29  3:07  Barracks Tech Lab  
  29  3:13  Marine  
  29  3:19  Marine  
  31  3:23  Missile Turret  
  31  3:54  Command Center  
  31  4:18  Supply Depot x2  
  31  4:29  Barracks  
  31  4:39  Medivac, Marine x3  
  35  4:57  Marine  
  35  4:58  SCV  
  37  5:02  Marine x2  
  39  5:10  SCV  
  40  5:15  Marine  
Tags
 
Matchup
PvT
Replay Pack
1st pack
Add a new tag
Caveats
  • Supply blocks, unpowered buildings, or Contaminate may cause inaccurate times.
  • Supply counts are checked every 10 seconds.